Map: Ancient Cistern LE

Players

hurrdurr

  • Race: Protoss Protoss
  • Spawn Location: 7:00

MattBarry - Winner!

  • Race: Zerg Zerg
  • League: Gold
  • Spawn Location: 1:00

VOD

Have the link to the VOD?

Description

Time

  • Played on: Jan. 28, 2023, 2:11 a.m.
  • Length: 15:08
Show
View Real Time Build Order
Export as new Build Order

hurrdurr Protoss 

Build Orders:  

Get SALT Encoding   

  12  0:00  Probe  
  13  0:12  Probe  
  14  0:20  Pylon  
  14  0:24  Probe  
  15  0:38  Probe (Chrono Boost)  
  15  0:41  Gateway  
  16  0:51  Probe (Chrono Boost)  
  16  0:54  Pylon  
  17  1:02  Probe  
  18  1:04  Assimilator  
  18  1:15  Probe  
  19  1:26  Pylon  
  19  1:27  Probe  
  20  1:37  Cybernetics Core  
  20  1:40  Probe  
  21  1:56  Gateway, Zealot (Chrono Boost)  
  23  2:04  Probe  
  24  2:10  Warp Gate (Chrono Boost)  
  24  2:14  Stalker  
  26  2:28  Nexus  
  26  2:37  Shield Battery  
  26  2:43  Pylon  
  26  2:47  Stalker  
  28  2:53  Stalker  
  30  3:09  Pylon  
  30  3:13  Probe  
  31  3:21  Stalker  
  33  3:27  Stalker  
  33  3:33  Pylon  
  35  3:37  Gateway  
  35  3:43  Pylon  
  35  3:50  Probe x2  
  37  4:00  Sentry  
  37  4:02  Probe x2  
  41  4:07  Zealot  
  43  4:14  Probe x2  
  45  4:26  Zealot, Probe  
  48  4:37  Probe  
  50  4:38  Probe  
  50  4:44  Stalker  
  50  4:45  Stalker  
  54  4:49  Probe  
  55  5:08  Pylon  
  55  5:29  Zealot  
  55  5:30  Zealot x2  
  61  5:48  Probe  
  62  5:56  Gateway  
  62  5:58  Gateway  
  62  6:00  Gateway  
  62  6:02  Pylon, Robotics Facility  
  62  6:04  Pylon  
  62  6:07  Gateway  
  62  6:09  Forge, Gateway  
  62  6:12  Assimilator  
  62  6:13  Forge  
  62  6:14  Zealot x3  
  62  6:15  Assimilator  
  68  6:19  Assimilator  
  68  6:20  Probe  
  69  6:42  Probe x2  
  69  6:44  Zealot  
  69  6:45  Zealot  
  69  6:46  Zealot  
  77  6:51  Protoss Ground Weapons Level 1 (Chrono Boost), Protoss Ground Armor Level 1 (Chrono Boost)  
  77  6:54  Probe  
  78  7:01  Pylon  
  78  7:02  Nexus  
  78  7:03  Pylon  
  78  7:04  Pylon  
  78  7:07  Zealot  
  80  7:11  Probe  
  80  7:12  Probe  
  82  7:18  Warp Prism  
  84  7:23  Probe  
  84  7:24  Probe  
  86  7:30  Sentry  
  86  7:31  Sentry  
  86  7:32  Sentry  
  86  7:34  Sentry  
  86  7:35  Zealot  
  86  7:36  Zealot  
  98  7:42  Shield Battery  
  98  7:45  Photon Cannon  
  98  7:53  Pylon  
  98  8:09  Twilight Council, Probe x2  
  100  8:19  Zealot  
  102  8:31  Zealot x2  
  102  8:32  Zealot x2  
  102  8:33  Zealot x2  
  114  8:34  Zealot  
  116  8:43  Probe  
  117  8:50  Protoss Ground Weapons Level 2 (Chrono Boost), Protoss Ground Armor Level 2 (Chrono Boost)  
  117  8:52  Charge  
  117  8:57  Assimilator  
  117  9:03  Assimilator  
  117  9:06  Pylon  
  117  9:18  Zealot  
  117  9:19  Zealot x2  
  117  9:20  Zealot x4  
  117  9:21  Zealot  
  133  9:31  Observer (Chrono Boost)  
  134  9:46  Zealot x3  
  140  9:54  Pylon  
  140  9:56  Pylon  
  140  9:59  Pylon  
  140  10:01  Pylon  
  140  10:06  Pylon  
  129  10:33  Zealot x3  
  129  10:34  Zealot x2  
  129  10:35  Zealot x3  
  131  10:59  Protoss Ground Weapons Level 3 (Chrono Boost)  
  131  11:03  Observer  
  132  11:16  Protoss Ground Armor Level 3 (Chrono Boost)  
  116  11:24  Warp Prism  
  101  11:37  Zealot x4  
  101  11:38  Zealot x4  
  117  12:19  Zealot x3  
  117  12:20  Zealot x4  
  117  12:21  Zealot  
  133  12:26  Templar Archives  
  133  12:51  Nexus  
  133  12:53  Zealot x5, Pylon  
  133  12:54  Zealot  
  133  12:55  Zealot x2  
  149  13:08  Warp Prism  
  151  13:14  Nexus  
  151  13:18  High Templar  
  151  13:19  High Templar x3  
  159  13:20  High Templar x2  
  159  13:21  High Templar  
  159  13:22  High Templar  
  159  13:26  Archon x2  
  159  13:27  Archon x2  
  140  14:01  Zealot x3  
  140  14:02  Zealot x4  
  114  14:04  Zealot  
  91  14:29  Zealot x2  
  91  14:30  Zealot x4  
  69  14:54  Zealot x2  
  69  14:55  Zealot x2  
Show
View Real Time Build Order
Export as new Build Order

MattBarry Zerg - Winner!

Build Orders: Pool First 

Get SALT Encoding   

  12  0:00  Drone  
  13  0:12  Overlord  
  13  0:18  Drone  
  14  0:31  Drone x2  
  16  0:40  Drone  
  17  0:46  Drone  
  18  0:50  Extractor  
  18  0:52  Spawning Pool  
  17  0:57  Drone  
  17  1:17  Hatchery  
  16  1:19  Drone  
  17  1:33  Drone x2  
  20  1:40  Zergling x2, Queen  
  22  1:50  Overlord  
  22  2:13  Zergling x4  
  24  2:25  Extractor, Drone  
  24  2:33  Queen  
  24  2:35  Queen  
  28  2:40  Drone x2  
  28  2:41  Overlord  
  28  2:42  Metabolic Boost  
  29  3:00  Drone x3  
  29  3:01  Drone x2  
  29  3:02  Drone  
  35  3:14  Drone x2  
  35  3:17  Spine Crawler  
  36  3:22  Spore Crawler  
  35  3:33  Roach Warren  
  34  3:34  Drone  
  34  3:36  Evolution Chamber  
  34  3:53  Drone x3  
  34  3:54  Drone x3  
  40  4:05  Zerg Melee Weapons Level 1  
  40  4:25  Drone x2, Overlord x2  
  40  4:29  Lair  
  40  4:37  Zergling x4, Overlord  
  40  4:38  Zergling x2  
  43  4:51  Roach x3  
  43  4:52  Roach  
  51  4:58  Zergling x6  
  51  4:59  Zergling x4  
  55  5:18  Zergling x6  
  55  5:19  Zergling x2  
  54  5:28  Zergling x8  
  53  5:36  Roach  
  53  5:42  Roach x3  
  61  5:51  Overlord x2  
  61  5:59  Queen  
  63  6:15  Drone x6  
  65  6:37  Drone x8  
  73  6:42  Zerg Missile Weapons Level 1  
  73  6:46  Evolution Chamber  
  72  6:56  Hydralisk Den  
  71  7:01  Extractor  
  71  7:03  Extractor  
  69  7:18  Hatchery  
  68  7:26  Overseer  
  68  7:27  Overseer  
  68  7:38  Drone  
  68  7:39  Overlord  
  68  7:40  Roach, Zergling x2  
  68  7:41  Zergling x4, Roach x2  
  68  7:42  Roach x2  
  68  7:43  Overlord  
  68  7:44  Overlord  
  82  7:46  Grooved Spines  
  82  7:50  Zerg Ground Armor Level 1  
  75  8:28  Glial Reconstitution  
  75  8:32  Queen  
  75  8:33  Queen  
  79  8:35  Drone x8  
  79  8:36  Drone x7  
  94  8:44  Hydralisk x6  
  106  8:50  Zerg Missile Weapons Level 2  
  106  8:58  Muscular Augments  
  106  9:02  Extractor  
  106  9:04  Spore Crawler  
  104  9:12  Hydralisk x4  
  104  9:14  Overlord  
  104  9:15  Overlord  
  112  9:30  Overlord x3  
  112  9:32  Overlord  
  112  9:42  Hydralisk x2  
  112  9:43  Hydralisk x5  
  126  9:52  Zerg Melee Weapons Level 2  
  126  9:57  Drone x2, Overlord x2  
  126  9:58  Zergling x6  
  124  10:14  Hydralisk  
  124  10:15  Hydralisk x5  
  120  10:57  Hydralisk x9  
  120  10:58  Hydralisk  
  120  11:02  Roach  
  120  11:03  Zergling x22  
  150  11:08  Zergling x8  
  144  11:33  Baneling Nest  
  143  11:49  Roach x9  
  143  11:50  Roach x5  
  171  11:56  Infestation Pit  
  171  11:59  Extractor  
  169  12:11  Roach x4, Overlord x2  
  177  12:16  Hatchery, Centrifugal Hooks  
  177  12:22  Baneling x4  
  176  12:23  Baneling x4  
  176  12:27  Zergling x2  
  176  12:28  Overlord x3  
  177  12:39  Queen x2  
  181  12:58  Infestor x2, Drone  
  182  12:59  Infestor  
  182  13:00  Roach x2  
  192  13:19  Hydralisk x2  
  196  13:27  Hive  
  165  14:00  Roach x6  
  165  14:01  Roach x17  
  136  14:18  Zergling x14  
  136  14:19  Zergling x12  
  143  14:29  Hydralisk  
  143  14:30  Hydralisk x5  
Tags
 
League
Gold
Matchup
PvZ
Opening
Pool First
Replay Pack
Multiplayer
Spawn Locations
Cross Positions
Add a new tag
Caveats
  • Supply blocks, unpowered buildings, or Contaminate may cause inaccurate times.
  • Supply counts are checked every 10 seconds.